 Dungeon Crawl Stone Soup version 0.18.1-48-g4cf74bf (webtiles) character file.

844 dearth the Chopper (level 8, -9/69 HPs)
             Began as a Hill Orc Fighter on Aug 5, 2016.
             Was a Follower of Okawaru.
             Killed by divine providence
             ... invoked by an orc priest
              (10 damage)
             ... on level 5 of the Dungeon.
             The game lasted 00:08:30 (3797 turns).

dearth the Chopper (Hill Orc Fighter)               Turns: 3797, Time: 00:08:31

Health: -9/69      AC:  8    Str: 26    XL:     8   Next: 0%
Magic:  8/8        EV: 10    Int:  8    God:    Okawaru [*.....]
Gold:   302        SH: 10    Dex: 10    Spells: 0 memorised, 7 levels left

rFire  . . .     SeeInvis +     a - +0 war axe
rCold  . . .     Gourm    .     b - +0 scale mail
rNeg   . . .     Faith    .     c - +0 shield
rPois  .         Spirit   .     q - +0 helmet
rElec  .         Dismiss  .     (no cloak)
rCorr  .         Reflect  .     (no gloves)
SustAt .         Harm     .     (no boots)
MR     .....                    (no amulet)
Stlth  ..........               w - +2 ring of evasion
                                j - ring of see invisible

@: mighty, not resistant to hostile enchantments, extremely unstealthy
A: no striking features
a: Heroism, Renounce Religion, Convert to Beogh


You were on level 5 of the Dungeon.
You worshipped Okawaru.
Okawaru was aware of your devotion.
You were not hungry.

You visited 2 branches of the dungeon, and saw 6 of its levels.

You collected 302 gold pieces.

Inventory:

Hand Weapons
 a - a +0 war axe (weapon)
Armour
 b - a +0 scale mail (worn)
 c - a +0 shield (worn)
 q - a +0 helmet (worn)
Jewellery
 j - a ring of see invisible (left hand)
 w - a +2 ring of evasion (right hand)
Wands
 p - a wand of slowing (23/48)
Scrolls
 e - 3 scrolls of identify {unknown}
 h - 3 scrolls of teleportation {unknown}
 l - a scroll of fog {unknown}
 m - a scroll of noise {unknown}
 n - a scroll of immolation {unknown}
 o - a scroll of fear {unknown}
 s - a scroll of amnesia {unknown}
 t - a scroll of enchant armour {unknown}
Potions
 i - a potion of agility
 u - 2 potions of curing {unknown}
Comestibles
 f - 3 bread rations
 g - 4 meat rations
 k - 2 beef jerkies
 r - 3 fruits


   Skills:
 + Level 5.5 Fighting
 * Level 7.5 Axes
 + Level 5.5 Armour
 + Level 5.4 Shields
 + Level 1.0 Invocations
 + Level 0.4 Evocations


You had 7 spell levels left.
You didn't know any spells.

Dungeon Overview and Level Annotations

Branches:
Dungeon (5/15)             Temple (1/1) D:4

Altars:
Ashenzari
Cheibriados
Elyvilon
Makhleb
Okawaru
Qazlal
Ru
Sif Muna
Trog
Xom
Yredelemnul
Zin


Message History

The orc priest mumbles some strange prayers to Beogh against you.
Beogh smites you!
* * * LOW HITPOINT WARNING * * *
You block the orc's attack.
The orc priest calls down the wrath of Beogh upon you.
Pain shoots through your body!
* * * LOW HITPOINT WARNING * * *
The orc priest hits you but does no damage.
Unknown command.
Drink which item? (? for menu, Esc to quit)
You feel very mighty all of a sudden. The orc priest barely misses you.
You block the orc's attack. You block the orc priest's attack.
You hit the orc priest.
The orc priest is heavily wounded.
You closely miss the orc priest. You hit the orc.
The orc is almost dead.
The orc priest invokes the aid of Beogh against you.
Beogh smites you!
You die...

#.............#######.......
............†..# #.<........
...............# #.##.......
...............###....###.##
......)......(.........##.##
.........<>.................
...........o.<...(......#...
#..........oo.#.......#.#..#
##.....#..o@..#####.. #.....
############.# .. ###... #.#
. ###...( #.# ##...... #)#
.....#..# #.....##.#......
....#### #...... .....#
#...... ....... ####.##


You could see 2 orc priests and 2 orcs.

Vanquished Creatures
  An ice beast (D:5)
  2 ogres (D:5)
  2 giant frogs
  A scorpion (D:4)
  A centaur zombie (D:5)
  A hound (D:3)
  An orc priest (D:4)
  A giant frog skeleton (D:4)
  Jessica (D:2)
  Ijyb (D:3)
  An orc wizard (D:3)
  3 worker ants
  3 adders
  An ooze (D:1)
  3 worms
  4 dart slugs (D:1)
  2 giant geckos
  12 orcs
  A ball python (D:2)
  8 giant cockroaches
  5 goblins
  8 hobgoblins
  9 jackals
  A quokka (D:2)
  6 bats
  2 giant newts
  7 kobolds
  3 rats (D:3)
91 creatures vanquished.

Notes
Turn   | Place    | Note
--------------------------------------------------------------
     0 | D:1      | dearth the Hill Orc Fighter began the quest for the Orb.
     0 | D:1      | Reached XP level 1. HP: 19/19 MP: 1/1
    83 | D:1      | Reached XP level 2. HP: 27/27 MP: 2/2
   196 | D:1      | Reached skill level 3 in Axes
   210 | D:1      | Reached XP level 3. HP: 27/33 MP: 3/3
  1024 | D:2      | You fall through a shaft!
  1025 | D:3      | Noticed Ijyb
  1043 | D:3      | Killed Ijyb
  1043 | D:3      | Reached skill level 4 in Axes
  1043 | D:3      | Reached XP level 4. HP: 33/40 MP: 4/4
  1115 | D:2      | Noticed Jessica
  1127 | D:2      | Killed Jessica
  1175 | D:2      | Found a burning altar of Makhleb.
  1602 | D:3      | Reached XP level 5. HP: 41/46 MP: 5/5
  1947 | D:3      | Found a deep blue altar of Sif Muna.
  2143 | D:3      | Found a snail-covered altar of Cheibriados.
  2147 | D:3      | Reached skill level 5 in Axes
  2579 | D:4      | Reached XP level 6. HP: 46/53 MP: 6/6
  2821 | D:4      | Found a staircase to the Ecumenical Temple.
  2831 | Temple   | Entered the Ecumenical Temple
  2854 | Temple   | Became a worshipper of Warmaster Okawaru
  2869 | D:4      | Found a white marble altar of Elyvilon.
  3034 | D:4      | Found a shattered altar of Ashenzari.
  3159 | D:4      | Reached skill level 6 in Axes
  3210 | D:4      | Reached skill level 5 in Armour
  3210 | D:4      | Reached skill level 5 in Shields
  3210 | D:4      | Reached XP level 7. HP: 36/60 MP: 7/7
  3330 | D:4      | Reached skill level 5 in Fighting
  3465 | D:5      | Entered Level 5 of the Dungeon
  3482 | D:5      | Reached * piety under Okawaru
  3697 | D:5      | Reached skill level 7 in Axes
  3726 | D:5      | Reached skill level 1 in Invocations
  3726 | D:5      | Reached XP level 8. HP: 19/69 MP: 8/8
  3795 | D:5      | HP: 3/69 [orc priest/divine providence (11)]
  3795 | D:5      | HP: 1/69 [orc priest/nerve-wracking pain (2)]
  3797 | D:5      | Killed from afar by an orc priest

Skill      XL: |  1  2  3  4  5  6  7 |
---------------+----------------------+-----
Axes           | 3 4 5 6 7 |  7.5
Fighting       | 4 5 |  5.5
Shields        | 4 5 |  5.4
Armour         | 4 5 |  5.5
Invocations    | 1 |  1.0
Evocations     | |  0.4

Action                   |  1- 3 |  4- 6 |  7- 9 || total
-------------------------+-------+-------+-------++-------
Melee: War axe           |   101 |   211 |    81 ||   393
  Use: Potion            |       |       |     1 ||     1
  Eat: Chunk             |       |     8 |     1 ||     9
       Royal jelly       |       |       |     1 ||     1
Armor: Scale mail        |    63 |    92 |    28 ||   183
Dodge: Dodged            |    41 |    78 |    29 ||   148
Block: Shield            |    63 |   123 |    36 ||   222
